 Dungeon Crawl Stone Soup version 0.29.0-4-gdea44cf6ec (webtiles) character file.

Game seed: 17941210753181402499

6510 Leibowitz the Impaler (level 11, -5/87 HPs)
             Began as a Merfolk Gladiator on Aug 26, 2022.
             Was a Priest of Okawaru.
             Killed from afar by a gargoyle (24 damage)
             ... with a stone arrow
             ... on level 10 of the Dungeon.
             The game lasted 00:29:13 (11720 turns).

Leibowitz the Impaler (Merfolk Gladiator)          Turns: 11720, Time: 00:29:15

Health: -5/87      AC:  4    Str: 15    XL:     11   Next: 0%
Magic:  0/11       EV: 18    Int:  7    God:    Okawaru [***...]
Gold:   657        SH:  0    Dex: 20    Spells: 10/10 levels left

rFire   . . .      SeeInvis .   a - +2 glaive (venom)
rCold   . . .      Faith    .   (shield currently unavailable)
rNeg    . . .      Spirit   +   b - +0 leather armour
rPois   .          Reflect  .   (helmet restricted)
rElec   .          Harm     .   o - +0 cloak
rCorr   .          Rampage  .   (no gloves)
Will    .....                   (no boots)
Stlth   +.........              q - amulet of guardian spirit
HPRegen 0.24/turn               J - ring of flight
MPRegen 0.12/turn               (no ring)

@: on berserk cooldown, flying, slowed, very slow
A: (nimble swimmer 2), mertail, antennae 1, beak
a: Renounce Religion, Heroism


You were on level 10 of the Dungeon.
You worshipped Okawaru.
Okawaru was most pleased with you.
You visited 2 branches of the dungeon, and saw 11 of its levels.
You also visited: Ossuary.

You collected 657 gold pieces.

Inventory:

Hand Weapons
 a - a +2 glaive of venom (weapon)
 j - a +0 trident
 s - a +3 vorpal scythe
 v - the +8 scimitar of Fee Simple {elec, Drain rPois rN+}
   (You found it on level 4 of the Dungeon)

   It occasionally discharges a powerful burst of electricity upon striking a
   foe.
   rPois:     It protects you from poison.
   rN:        It protects you from negative energy.
   Drain:     It drains your maximum health when unequipped.
 M - a +2 short sword of flaming
Missiles
 d - 2 throwing nets
 e - a javelin
 K - 8 poisoned darts (quivered)
Armour
 b - a +0 leather armour (worn)
 c - a +0 helmet
 o - a +0 cloak (worn)
Jewellery
 q - an amulet of guardian spirit (around neck)
 C - the dreamshard necklace {*Dream Drain}
   (You found it on level 7 of the Dungeon)

   [amulet of nothing]

   It shatters if its wearer takes lethal or near-lethal damage, preventing the
   blow and releasing protective dreams that heal and fight for the wearer.
   Drain:     It drains your maximum health when unequipped.
 D - a ring of protection from fire
 J - a ring of flight (left hand)
Wands
 k - a wand of charming (19)
 n - a wand of quicksilver (9)
 y - a wand of mindburst (9)
 F - a wand of flame (8)
Scrolls
 g - a scroll of noise {unknown}
 h - a scroll of teleportation
 i - 2 scrolls of identify
 p - 3 scrolls of vulnerability {unknown}
 r - a scroll of blinking {unknown}
 t - 2 scrolls of magic mapping {unknown}
 u - 2 scrolls of enchant weapon {unknown}
 A - a scroll of butterflies {unknown}
 B - a scroll of enchant armour {unknown}
 H - a scroll of summoning {unknown}
 I - a scroll of amnesia
 L - a scroll of fear {unknown}
Potions
 f - a potion of lignification
 l - a potion of berserk rage
 m - 2 potions of invisibility
 w - 7 potions of mutation
 x - 2 potions of curing
 z - a potion of resistance
 E - a potion of brilliance
 G - 2 potions of flight


   Skills:
 * Level 8.4 Fighting
 * Level 15.2 Polearms
 - Level 2.0 Throwing
 * Level 4.4 Armour
 * Level 9.4 Dodging
 + Level 0.2 Evocations


You had 10 spell levels left.
You didn't know any spells.
Your spell library contained the following spells:

 Spells                   Type           Power      Damage    Failure   Level
 Apportation              Tloc           0%         N/A       50%         1
 Beastly Appendage        Tmut           0%         N/A       50%         1
 Blink                    Tloc           0%         N/A       65%         2
 Poisonous Vapours        Pois/Air       0%         N/A       65%         2
 Wereblood                Tmut           0%         N/A       65%         2
 Lesser Beckoning         Tloc           0%         N/A       86%         3
 Spider Form              Tmut/Pois      0%         N/A       86%         3
 Corpse Rot               Necr/Pois/Air  0%         N/A       99%         4
 Alistair's Intoxication  Tmut/Pois      0%         N/A       100%        5
 Manifold Assault         Tloc           0%         N/A       100%        5


Dungeon Overview and Level Annotations

Branches:
Dungeon (10/15)            Temple (1/1) D:6             Orc (0/2) D:10
Ossuary (visited)
   Lair: D:8-11

Altars:
Ashenzari
Cheibriados
Dithmenos
Elyvilon
Fedhas
Gozag
Hepliaklqana
Kikubaaqudgha
Makhleb
Nemelex Xobeh
Okawaru
Qazlal
Ru
Sif Muna
Trog
Uskayaw
Vehumet
Wu Jian
Xom
Yredelemnul
Zin
The Shining One

Shops:
D:7 *

Portals:
Bailey: D:10


Innate Abilities, Weirdness & Mutations

((You are very nimble when in or above water. (Stealth+, EV+, Speed+++)))
Your lower body shifts to a powerful aquatic tail in water.
You have a pair of small antennae on your head.
You have a beak for a mouth.


Message History

The centaur shoots an arrow.
The arrow hits you.
* * * LOW HITPOINT WARNING * * *
The centaur shoots an arrow.
The arrow closely misses you.
You feel better.
The centaur unwields a +0 shortbow.
The centaur barely misses you. The centaur closely misses you.
You barely miss the centaur. The centaur completely misses you.
The centaur kicks you but does no damage.
The centaur misses you. The centaur kicks you.
* * * LOW HITPOINT WARNING * * *
You slash the centaur!
The centaur looks as sick as possible!
Your peck misses the centaur.
The centaur is severely wounded.
You hear the steady creaking of a portcullis very nearby.
The centaur barely misses you. The centaur kicks you.
* * * LOW HITPOINT WARNING * * *
The centaur hits you.
* * * LOW HITPOINT WARNING * * *
The centaur kicks you but does no damage.
You feel better.
You kill the centaur!
Okawaru accepts your kill.
You have reached level 11!
You see here a +0 shortbow.
Found a halberd.
Found a halberd and a spear.
Found a flagged portal.
Found a spear.
A gargoyle comes into view. It is wielding a +0 mace.
The gargoyle moves out of view.
Found a chain mail.
Reach: a) +2 glaive (venom)
Press: ? - help, Dir - move target, f - you
Okay, then.
Aiming: Quicksilver Bolt
Press: ? - help, Shift-Dir - straight line, f - gargoyle
Aim: a gargoyle, wielding a +0 mace (86% to hit)
The bolt of dispelling energy hits the gargoyle!
The gargoyle is moderately damaged.
The gargoyle hurls a stone arrow at you.
The stone arrow hits you!!
You die...

#.......# #.......#
+.......# #...)...#
#..)∩)9.# #..)..[#
#.....# #.@## ##..#
######### ####.####
........# #.......#
........# #.......#
........### #.......#
.......††.## #.......#
........#..###.......#
........##.†.#.......#


You could see a gargoyle.

Vanquished Creatures
  A kobold demonologist (D:10)
  Sigmund (D:3)
  Eustachio (D:4)
  A wraith (D:6)
  10 yaks
  3 wyverns
  3 steam dragons
  2 water moccasins
  2 orc warriors
  A swamp drake (D:10)
  A sky beast (D:8)
  An ice beast (D:5)
  2 ogres
  2 black bears (D:6)
  2 centaurs
  2 kobold brigands
  Blork the orc (D:5)
  A gnoll sergeant (D:9)
  3 bullfrogs
  3 scorpions
  A necrophage (D:6)
  6 killer bees (D:9)
  A howler monkey (D:10)
  4 crimson imps (D:7)
  3 centaur zombies (Ossuary)
  5 hounds
  A human zombie (Ossuary)
  2 jellies
  7 orc priests
  Crazy Yiuf (D:2)
  A gnoll bouda (D:4)
  2 iguanas
  2 orc wizards
  Natasha (thrice) (D:3)
  2 mummies (Ossuary)
  Robin (D:3)
  20 gnolls
  5 adders
  4 white imps
  2 ufetubi
  2 adder zombies (Ossuary)
  A dart slug (D:2)
  23 orcs
  4 bats
  2 endoplasms
  4 giant cockroaches
  10 goblins
  17 hobgoblins
  9 jackals
  2 quokkas
  4 ball pythons
  2 frilled lizards
  2 goblin zombies (Ossuary)
  9 hobgoblin zombies (Ossuary)
  A jackal zombie (Ossuary)
  15 kobolds
  15 kobold zombies (Ossuary)
  4 orc zombies (Ossuary)
  7 rats
249 creatures vanquished.

Vanquished Creatures (others)
  A kobold (D:8)
  2 fungi (D:2)
  19 plants (D:4)
22 creatures vanquished.

Grand Total: 271 creatures vanquished

Notes
Turn   | Place    | Note
-------+----------+-------------------------------------------
     0 | D:1      | Leibowitz the Merfolk Gladiator began the quest for the
                  | Orb.
     0 | D:1      | Reached XP level 1. HP: 16/16 MP: 1/1
   281 | D:1      | Reached XP level 2. HP: 16/22 MP: 2/2
  1191 | D:2      | Reached XP level 3. HP: 28/28 MP: 3/3
  1211 | D:2      | Found a runed translucent door.
  1212 | D:2      | Noticed Crazy Yiuf
  1223 | D:2      | Killed Crazy Yiuf
  1487 | D:2      | Found a faded altar of an unknown god.
  1501 | D:2      | Reached skill level 5 in Polearms
  1957 | D:2      | Reached skill level 1 in Armour
  1978 | D:2      | Reached XP level 4. HP: 34/34 MP: 4/4
  2234 | D:3      | Noticed Natasha
  2237 | D:3      | Killed Natasha
  2347 | D:3      | Noticed Natasha
  2358 | D:3      | Killed Natasha
  2377 | D:3      | Reached skill level 5 in Dodging
  2377 | D:3      | Reached XP level 5. HP: 14/40 MP: 1/5
  2567 | D:3      | Noticed Natasha
  2577 | D:3      | Killed Natasha
  2840 | D:3      | Noticed Robin
  2862 | D:3      | Killed Robin
  3106 | D:3      | Noticed Sigmund
  3273 | D:3      | Killed Sigmund
  3274 | D:3      | Reached skill level 6 in Polearms
  3274 | D:3      | Reached XP level 6. HP: 9/47 MP: 1/6
  3780 | D:4      | Found a shimmering blue altar of Sif Muna.
  3809 | D:4      | Reached XP level 7. HP: 27/53 MP: 5/7
  4048 | D:4      | Reached skill level 7 in Polearms
  4532 | D:4      | Found a bloodstained altar of Trog.
  4607 | D:4      | Found a radiant altar of Vehumet.
  4650 | D:4      | Identified the +8 scimitar of Fee Simple {elec, Drain rPois
                  | rN+}
  4758 | D:4      | Noticed Eustachio
  4773 | D:4      | Killed Eustachio
  4774 | D:4      | Reached skill level 8 in Polearms
  5276 | D:5      | Entered Level 5 of the Dungeon
  5279 | D:5      | Reached XP level 8. HP: 61/61 MP: 8/8
  5407 | D:5      | Noticed Blork the orc
  5415 | D:5      | Killed Blork the orc
  5422 | D:5      | Gained mutation: You have a pair of small antennae on your
                  | head. [potion of mutation]
  5422 | D:5      | Gained mutation: You have a beak for a mouth. [potion of
                  | mutation]
  5435 | D:5      | Reached skill level 5 in Fighting
  5435 | D:5      | Reached skill level 9 in Polearms
  5704 | D:5      | Found a glowing golden altar of the Shining One.
  5809 | D:5      | Found a blossoming altar of Fedhas.
  5810 | D:5      | Found a snail-covered altar of Cheibriados.
  5913 | D:5      | Found a sacrificial altar of Ru.
  6119 | D:6      | Noticed a wraith
  6128 | D:6      | Killed a wraith
  6261 | D:6      | Reached skill level 10 in Polearms
  6796 | D:6      | Reached XP level 9. HP: 69/69 MP: 9/9
  6845 | D:6      | Found a staircase to the Ecumenical Temple.
  6859 | Temple   | Entered the Ecumenical Temple
  6866 | Temple   | Became a worshipper of Warmaster Okawaru
  7200 | D:6      | Reached skill level 11 in Polearms
  7239 | D:6      | Found a glowing silver altar of Zin.
  7371 | D:7      | Found the dreamshard necklace {*Dream Drain}
  7784 | D:7      | Found Orphiof's Overcharged Wands.
  8022 | D:7      | Found an opulent altar of Gozag.
  8045 | D:7      | Found an ancient bone altar of Kikubaaqudgha.
  8119 | D:7      | Found a shimmering altar of Xom.
  8328 | D:8      | Reached * piety under Okawaru
  8329 | D:8      | Reached skill level 12 in Polearms
  8393 | D:8      | HP: 3/71 [kobold brigand/+0 short sword (2)]
  8624 | D:8      | Found a sand-covered staircase.
  8633 | Ossuary  | Entered an ossuary
  9424 | D:8      | Reached XP level 10. HP: 51/79 MP: 6/10
  9746 | D:9      | Found a white marble altar of Elyvilon.
  9844 | D:9      | Reached skill level 13 in Polearms
 10077 | D:9      | Reached ** piety under Okawaru
 10557 | D:9      | Found an ornate altar of the Wu Jian Council.
 10798 | D:9      | Found a broken altar of Ashenzari.
 10889 | D:9      | Found a stormy altar of Qazlal.
 10966 | D:9      | Reached skill level 14 in Polearms
 11446 | D:10     | Entered Level 10 of the Dungeon
 11530 | D:10     | Found a shadowy altar of Dithmenos.
 11586 | D:10     | Found a staircase to the Orcish Mines.
 11606 | D:10     | Reached *** piety under Okawaru
 11622 | D:10     | Noticed a kobold demonologist
 11627 | D:10     | Noticed an orange demon
 11634 | D:10     | Killed a kobold demonologist
 11685 | D:10     | HP: 4/80 [yak (2)]
 11693 | D:10     | Reached skill level 15 in Polearms
 11703 | D:10     | HP: 3/82 [centaur/arrow (5)]
 11708 | D:10     | Reached XP level 11. HP: 15/87 MP: 0/11
 11715 | D:10     | Found a flagged portal.
 11720 | D:10     | Killed from afar by a gargoyle

Illustrated notes

Levels and vault maps discovered:
D:1:      dpeg_arrival_ternary, layout_basic, minmay_door_square
D:2:      layout_basic, ebering_ecumenical_altar_rust, uniq_crazy_yiuf_cottage
D:3:      layout_basic, uniq_robin, uniq_natasha, uniq_sigmund
D:4:      layout_loops_ring, mainiacjoe_overflow_six_doors_small,
          trog_hazing_becter, mainiacjoe_overflow_small_starburst,
          nicolae_grassy_gnolls, uniq_eustachio
D:5:      layout_rooms, nicolae_ru_sacrificial_ziggurat,
          grunt_temple_overflow_open, dreamdust_mushroom_princess,
          grunt_ministairs_3, uniq_blork_the_orc
D:6:      layout_basic, marbit_many_paths, minmay_temple_entry_gardened_gates
D:7:      layout_cave_pools, mainiacjoe_overflow_concentric_impassable,
          nicolae_kikubaaqudgha_miasma_corner, led_xom_imps,
          minmay_misc_feat_tower, minmay_strange_pillars,
          nicolae_shop_overcharged_wands
D:8:      layout_basic, enter_ossuary_1
D:9:      layout_loops_corners, pdpol_wu_jian_five_deadly_venoms,
          kennysheep_little_box, amcnicky_altar_gilded, evilmike_ruin_ashenzari,
          corexii_checkpoint_b, minmay_misc_feat_rugged
D:10:     layout_roguey, old_standard_altar, erik_orc_1, enter_bailey_2,
          lemuel_flamethrower_1
Temple:   hellmonk_temple_micro_hex

Skill      XL: |  1  2  3  4  5  6  7  8  9 10 |
---------------+-------------------------------+-----
Polearms       | 5 6 8 10 12 15 | 15.2
Armour         | 1 2 3 4 |  4.4
Dodging        | 5 6 7 8 9 |  9.4
Fighting       | 3 4 5 7 8 |  8.4
Throwing       | |  2.0
Evocations     | |  0.2

Action                   |  1- 3 |  4- 6 |  7- 9 | 10-12 || total
-------------------------+-------+-------+-------+-------++-------
Melee: Trident           |    25 |       |       |       ||    25
       Spear             |    45 |   111 |       |       ||   156
       Punch             |       |     2 |       |       ||     2
       Halberd           |       |    14 |   262 |    17 ||   293
       Glaive            |       |       |   148 |   138 ||   286
       Peck              |       |       |    53 |    30 ||    83
Throw: Throwing net      |       |       |     2 |       ||     2
Evoke: Wand              |       |     2 |       |     1 ||     3
  Use: Potion            |       |     3 |     7 |     4 ||    14
       Scroll            |       |       |     5 |       ||     5
 Stab: Sleeping          |       |     1 |     3 |     2 ||     6
Armor: Leather armour    |     7 |    31 |    83 |    17 ||   138
       Skin              |       |    10 |       |       ||    10
Dodge: Dodged            |    37 |   110 |   374 |   101 ||   622
